 Dungeon Crawl Stone Soup version 0.26-a0-639-g72c4674329 (webtiles) character file.

Game seed: 18041453022210235709

881 PentaManta the Slicer (level 8, -4/49 HPs)
             Began as a Halfling Gladiator on Sept 20, 2020.
             Killed by divine providence
             ... invoked by an orc priest
              (14 damage)
             ... on level 5 of the Dungeon.
             The game lasted 00:14:22 (6103 turns).

PentaManta the Slicer (Halfling Gladiator)          Turns: 6103, Time: 00:14:23

Health: -4/49      AC:  9    Str: 23    XL:     8   Next: 25%
Magic:  8/8        EV: 13    Int:  6    God:
Gold:   211        SH: 12    Dex: 22    Spells: 7/7 levels left

rFire    . . .     SeeInvis .   a - +1 rapier
rCold    . . .     Faith    .   s - +0 kite shield
rNeg     . . .     Spirit   .   n - +0 ring mail
rPois    .         Reflect  .   D - +2 hat
rElec    .         Harm     .   (no cloak)
rCorr    .         Rampage  .   e - +0 pair of gloves
MR       .....                  g - +0 pair of boots
Stlth    +.........             (no amulet)
HPRegen  0.16/turn              p - +6 ring of strength
MPRegen  0.11/turn              v - +6 ring of dexterity

@: no status effects
A: small, mutation resistance 1
a: no special abilities


You were on level 5 of the Dungeon.
You visited 1 branch of the dungeon, and saw 5 of its levels.

You collected 211 gold pieces.

Inventory:

Hand Weapons
 a - a +1 rapier (weapon)
 l - a +0 dagger
 r - a +0 short sword
 u - a +6 club
 z - a +2 long sword of electrocution
Missiles
 d - 2 throwing nets
 h - 24 poisoned darts (quivered)
Armour
 e - a +0 pair of gloves (worn)
 g - a +0 pair of boots (worn)
 n - a +0 ring mail (worn)
 o - a scarf of harm
 s - a +0 kite shield (worn)
 C - a +0 chain mail
 D - a +2 hat (worn)
Jewellery
 i - an uncursed ring of flight {unknown}
 p - a +6 ring of strength (left hand)
 v - a +6 ring of dexterity (right hand)
 y - an uncursed ring of protection from cold {unknown}
Wands
 c - a wand of disintegration (17)
 t - a wand of digging (3)
Scrolls
 f - 4 scrolls of remove curse
 k - 2 scrolls of blinking
 x - 2 scrolls of fog
 A - 2 scrolls of identify
 B - a scroll of enchant weapon
Potions
 b - a potion of might
 j - 2 potions of cancellation
 m - 3 potions of heal wounds {unknown}
 w - a potion of magic {unknown}
 E - a potion of stabbing {unknown}


   Skills:
 - Level 1.7 Fighting
 * Level 9.6 Short Blades
 - Level 2.0 Throwing
 - Level 3.2 Dodging
 + Level 5.0 Shields


You had 7 spell levels left.
You didn't know any spells.
Your spell library contained the following spells:

 Spells                   Type           Power        Failure   Level
 Magic Dart               Conj           #...         98%         1
 Blink                    Tloc           N/A          99%         2
 Call Imp                 Summ           #.......     99%         2
 Slow                     Hex            #.......     99%         2
 Conjure Flame            Conj/Fire      #.......     100%        3
 Mephitic Cloud           Conj/Pois/Air  #.......     100%        3


Dungeon Overview and Level Annotations

Branches:
Dungeon (5/15)
 Temple: D:4-7

Altars:
Sif Muna


Innate Abilities, Weirdness & Mutations

You are small and have problems with some larger weapons.
You are somewhat resistant to further mutation.


Message History

Okay, then.
As you read the scroll labeled CEOGEM XAONARU, it crumbles to dust.
It is a scroll of enchant weapon.
Your +0 rapier glows red for a moment.
The orc wizard hits you but does no damage.
You block the orc wizard's attack. The orc wizard casts a spell at you.
The magic dart hits you.
The orc wizard points at you and mumbles some strange words.
The magic dart hits you.
* * * LOW HITPOINT WARNING * * *
You feel better. The orc wizard barely misses you.
You block the orc wizard's attack. The orc wizard casts a spell at you.
The magic dart hits you!
* * * LOW HITPOINT WARNING * * *
The orc wizard hits you but does no damage.
The orc priest invokes the aid of Beogh against you.
Beogh smites you!
You die...

#..#........# #.#####.o.(.#
.#. ##.....<.# #....oo...o..
#. #....#..# #..##o#...... #.
##....#..# #..##.# o.o..
##..#........# #..##o# ##..
...>.........# #..##.# .
###.#........# #..##o#####.
#..###...##.######...........#
#.#. #...##....@o.o.o..#####.#
.##.# ##)##############.# ##
#.###.# #.# ..###....# #.#
.#.#<####### #.# .#.........#
#.. ....######.# ## .#.## .#.#


You could see an orc priest, an orc wizard (fast) and 2 orcs.

Vanquished Creatures
  2 phantoms
  2 ogres (D:5)
  A scorpion (D:4)
  A howler monkey (D:3)
  A vampire bat (D:4)
  An orc priest (D:4)
  A hound (D:4)
  A centaur skeleton (D:4)
  Jessica (D:3)
  6 orc wizards
  A hound skeleton (D:4)
  2 adders
  An adder skeleton (D:4)
  2 worms (D:3)
  2 leopard geckos (D:1)
  20 orcs
  15 bats
  3 giant cockroaches
  6 goblins
  8 hobgoblins
  12 jackals (D:2)
  2 frilled lizards (D:3)
  8 kobolds
  4 rats
103 creatures vanquished.

Vanquished Creatures (others)
  9 plants (D:1)
9 creatures vanquished.

Grand Total: 112 creatures vanquished

Notes
Turn   | Place    | Note
-------+----------+-------------------------------------------
     0 | D:1      | PentaManta the Halfling Gladiator began the quest for the
                  | Orb.
     0 | D:1      | Reached XP level 1. HP: 14/14 MP: 1/1
   178 | D:1      | Reached skill level 4 in Short Blades
   421 | D:1      | Reached XP level 2. HP: 14/19 MP: 2/2
  1176 | D:2      | Reached XP level 3. HP: 10/24 MP: 3/3
  1199 | D:2      | Reached skill level 5 in Short Blades
  1464 | D:2      | Noticed a phantom
  1548 | D:2      | Killed a phantom
  1548 | D:2      | Reached skill level 6 in Short Blades
  1548 | D:2      | Reached skill level 1 in Shields
  1548 | D:2      | Reached XP level 4. HP: 11/29 MP: 4/4
  1548 | D:2      | Reached XP level 5. HP: 12/34 MP: 5/5
  2375 | D:3      | Noticed Jessica
  2386 | D:3      | Killed Jessica
  2669 | D:3      | Reached skill level 7 in Short Blades
  2669 | D:3      | Reached XP level 6. HP: 30/39 MP: 6/6
  4217 | D:3      | Reached XP level 7. HP: 33/44 MP: 7/7
  4674 | D:3      | Found a shimmering blue altar of Sif Muna.
  5010 | D:4      | Reached skill level 8 in Short Blades
  5388 | D:5      | Entered Level 5 of the Dungeon
  5784 | D:4      | Reached skill level 9 in Short Blades
  5967 | D:5      | Reached XP level 8. HP: 49/49 MP: 8/8
  6074 | D:5      | Reached skill level 5 in Shields
  6103 | D:5      | Killed from afar by an orc priest

Illustrated notes

Levels and vault maps discovered:
D:1:      dpeg_arrival_tiny_d, layout_basic, serial_bayou, serial_bayou_pond_d,
          serial_bayou_pond_a, serial_bayou_shore_b, serial_bayou_lagoon_a
D:2:      layout_rooms
D:3:      layout_basic, led_sif_pool, uniq_jessica
D:4:      layout_rooms, chequers_serial_rivers_micro_d, st_stairs_9,
          roderic_batcave, minmay_ruptured
D:5:      layout_loops_ring, ashenzari_conservatory_becter, uniq_menkaure

Skill      XL: |  1  2  3  4  5  6  7  8 |
---------------+-------------------------+-----
Short Blades   | 4 6 7 9 |  9.6
Shields        | 1 2 3 4 5 |  5.0
Fighting       | |  1.7
Throwing       | |  2.0
Dodging        | |  3.2

Action                   |  1- 3 |  4- 6 |  7- 9 || total
-------------------------+-------+-------+-------++-------
Melee: Rapier            |    25 |    51 |   158 ||   234
       Dagger            |   154 |   287 |       ||   441
Throw: Throwing net      |     2 |     1 |       ||     3
       Dart              |       |       |     7 ||     7
  Use: Scroll            |     3 |     8 |     2 ||    13
       Potion            |       |     3 |     1 ||     4
 Stab: Held in net/web   |     1 |       |       ||     1
Armor: Leather armour    |     5 |       |       ||     5
       Ring mail         |    43 |    96 |    46 ||   185
Dodge: Dodged            |    97 |   124 |    63 ||   284
Block: Kite shield       |    17 |   165 |    74 ||   256

Table legend: (Time is in decaauts)
 A = Elapsed time spent in this place.
 B = Non-inter-level travel time spent in this place.
 C = Inter-level travel time spent in this place.
 D = Time resting spent in this place.
 E = Time spent auto-exploring this place.
 F = Levels seen in this place.
 G = Mean time per level.
                   A        B        C        D        E       F      G
               +--------+--------+--------+--------+--------+-----+--------+
         Total |   5987 |   5730 |    257 |   1765 |   2594 |   5 | 1197.4 |
       Dungeon |   5987 |   5730 |    257 |   1765 |   2594 |   5 | 1197.4 |
               +--------+--------+--------+--------+--------+-----+--------+

Top non-repeatable levels by time:
     D:4: 1943 daAuts
     D:3: 1624 daAuts
     D:1: 1428 daAuts
     D:2: 824 daAuts
     D:5: 165 daAuts
